 Dungeon Crawl Stone Soup version 0.20-a0-545-g8a92c22 (console) character file.

149 Dingbat the Caller (level 5, 0/33 HPs)
             Began as an Octopode Summoner on Dec 25, 2016.
             Slain by a jackal (2 damage)
             ... on level 2 of the Dungeon.
             The game lasted 00:10:33 (3862 turns).

Dingbat the Caller (Octopode Summoner)              Turns: 3862, Time: 00:10:33

Health: 0/33       AC:  3    Str:  8    XL:     5   Next: 31%
Magic:  9/9        EV: 13    Int: 18    God:
Gold:   59         SH:  0    Dex: 12    Spells: 1/10 levels left

rFire  . . .     SeeInvis .     g - +0 dagger (venom)
rCold  . . .     Gourm    .     (no shield)
rNeg   . . .     Faith    .     (helmet restricted)
rPois  .         Spirit   .     (no amulet)
rElec  .         Reflect  .     (no ring)
rCorr  .         Harm     .     (no ring)
MR     ++...                    (no ring)
Stlth  +++.......               (no ring)
                                (no ring)
                                (no ring)
                                (no ring)
                                (no ring)

@: lethally poisoned (0 -> -1), flying, very slightly contaminated
A: almost no armour, stealthy swim, amphibious, 8 rings, constrict 8, icy blue
scales 1, camouflage 1, magic resistance 2, gelatinous body 1
a: no special abilities


You were on level 2 of the Dungeon.
You were near starving.

You visited 1 branch of the dungeon, and saw 4 of its levels.

You collected 59 gold pieces.

Inventory:

Hand Weapons
 g - a +0 dagger of venom (weapon)
Missiles
 c - 68 stones (quivered)
Armour
 l - a +0 buckler
Scrolls
 e - a scroll of blinking
 h - a scroll of teleportation
 j - a scroll of amnesia {unknown}
Books
 a - a book of Callings

   Spells                             Type                      Level
   a - Summon Small Mammal            Summoning                    1
   b - Call Imp                       Summoning                    2
   c - Call Canine Familiar           Summoning                    3
   d - Summon Guardian Golem          Hexes/Summoning              3
   e - Summon Lightning Spire         Summoning/Air                4
   f - Summon Ice Beast               Ice/Summoning                4
Comestibles
 b - 2 bread rations
 f - a meat ration


   Skills:
 - Level 1.0 Fighting
 + Level 2.2 Short Blades
 - Level 2.0 Dodging
 - Level 2.6 Stealth
 - Level 2.0 Unarmed Combat
 - Level 3.2 Spellcasting
 + Level 1.3 Hexes
 - Level 4.0 Summonings


You had one spell level left.
You knew the following spells:

 Your Spells              Type           Power        Failure   Level  Hunger
a - Summon Small Mammal   Summ           ###.         3%          1    None
b - Call Imp              Summ           ###.....     6%          2    ##.....
c - Call Canine Familiar  Summ           ###.....     12%         3    ###....
d - Summon Guardian Gole  Hex/Summ       ##......     21%         3    ###....


Dungeon Overview and Level Annotations

Branches:
Dungeon (4/15)
 Temple: D:4-7

Altars:

Annotations:
D:3 FitzyFitz's ghost, amateur HEGl


Innate Abilities, Weirdness & Mutations

You cannot wear most types of armour.
You are very stealthy in the water. (Stealth+)
You are amphibious.
You can wear up to eight rings at the same time.
You can use your tentacles to constrict eight enemies at once.
Your skin changes colour to match your surroundings (Stealth+).
Your rubbery body absorbs attacks. (AC +1, EV +1)
You are partially covered in icy blue scales. (AC +2)
You are highly resistant to hostile enchantments. (MR++)


Message History

Blink to where?
Press: ? - help, Dir - move target cursor You lose your grip on the adder.
You are very lightly contaminated with residual magic.
As you read the scroll of blinking, it crumbles to dust.
A jackal comes into view.
Your rat misses the adder.
The jackal moves out of view.
You see here 2 stones.
The adder barely misses your iron imp.
Your iron imp completely misses the adder.
* * * LOW HITPOINT WARNING * * *
You feel sick. The adder closely misses your iron imp.
Your iron imp hits the adder!
The adder dies!
You see here a stone.
The jackal closely misses you.
You completely miss the jackal. You grab the jackal. You constrict the jackal.
The jackal closely misses you. The jackal bites you.
You die...

##.#...##### #.. ##(## #.#
##.####### ### #.# ##≈≈§≈≈≈≈≈≈
..# ##### #.# ##≈≈≈≈≈≈≈≈≈≈ #.#
##...###.# #≈≈≈........ #.#
#...>.##.# #≈≈..)......
#.######.....##.######≈≈.(#####..
................@h(5((≈≈r.#...###
)..............###(##(≈().'...'.
######.........# #..#≈((..#...#.
# ####.(.#### ##.≈≈#########
#...# #.≈≈# #...# #(..'. #####
#...'.. #...'... ##≈≈#...


You could see a jackal and a friendly iron imp.

Vanquished Creatures
  2 adders (D:2)
  An ooze (D:1)
  2 worms (D:2)
  A dart slug (D:1)
  2 leopard geckos
  A ball python (D:1)
  A giant cockroach (D:1)
  9 goblins
  6 hobgoblins
  13 jackals
  5 kobolds
  2 quokkas (D:2)
  7 bats
  5 frilled lizards
  3 rats
60 creatures vanquished.

Vanquished Creatures (collateral kills)
  Natasha (twice) (D:2)
  An adder (D:2)
  An ooze (D:2)
  A dart slug (D:1)
  A goblin (D:1)
  A hobgoblin (D:2)
  3 jackals (D:1)
  A frilled lizard (D:1)
  A rat (D:1)
12 creatures vanquished.

Grand Total: 72 creatures vanquished

Notes
Turn   | Place    | Note
-------+----------+-------------------------------------------
     0 | D:1      | Dingbat the Octopode Summoner began the quest for the Orb.
     0 | D:1      | Reached XP level 1. HP: 11/11 MP: 3/3
   498 | D:1      | Reached skill level 1 in Unarmed Combat
   498 | D:1      | Reached XP level 2. HP: 10/17 MP: 5/5
   767 | D:1      | Learned a level 2 spell: Call Imp
  1367 | D:1      | Reached XP level 3. HP: 21/21 MP: 6/6
  1372 | D:1      | Learned a level 3 spell: Call Canine Familiar
  1898 | D:3      | Found a faded altar of an unknown god.
  2205 | D:3      | Noticed FitzyFitz's ghost (amateur HEGl)
  2299 | D:2      | Reached skill level 1 in Fighting
  2425 | D:2      | Reached XP level 4. HP: 22/28 MP: 8/8
  2498 | D:2      | Reached skill level 1 in Short Blades
  2648 | D:2      | Noticed Natasha
  2658 | D:2      | Killed Natasha
  2966 | D:1      | Learned a level 3 spell: Summon Guardian Golem
  3515 | D:1      | Reached XP level 5. HP: 31/33 MP: 9/9
  3760 | D:2      | Noticed Natasha
  3771 | D:2      | Killed Natasha
  3771 | D:2      | Reached skill level 1 in Hexes
  3852 | D:2      | Gained mutation: You are resistant to hostile enchantments. (MR+) [potion of mutation]
  3852 | D:2      | Gained mutation: You are partially covered in icy blue scales. (AC +2) [potion of mutation]
  3852 | D:2      | Gained mutation: You are highly resistant to hostile enchantments. (MR++) [potion of mutation]
  3862 | D:2      | Slain by a jackal

Vault maps used:
D:1:      dpeg_arrival_rhombi, minmay_misc_feat_rows
D:2:      kennysheep_goblin_castle, uniq_terence, uniq_natasha
D:3:      nicolae_overflow_crystal_walls, first_bread,
          chequers_ecumenical_altar_simple_redux, uniq_iyjb
D:4:      hangedman_decor_growths

Skill      XL: |  1  2  3  4  5 |
---------------+----------------+-----
Unarmed Combat | 1 2 |  2.0
Fighting       | 1 |  1.0
Short Blades   | 1 2 |  2.2
Spellcasting   | 3 |  3.2
Hexes          | 1 |  1.3
Dodging        | |  2.0
Stealth        | |  2.6
Summonings     | |  4.0

Action                   |  1- 3 |  4- 6 || total
-------------------------+-------+-------++-------
Melee: Unarmed           |    94 |       ||    94
       Constrict         |    32 |    25 ||    57
       Tentacles         |    17 |    16 ||    33
       Dagger            |    22 |    76 ||    98
       Punch             |       |     1 ||     1
 Cast: Summon Small Mamm |    12 |     4 ||    16
       Call Imp          |     1 |     3 ||     4
       Call Canine Famil |       |     2 ||     2
  Use: Scroll            |     3 |     2 ||     5
       Potion            |       |     3 ||     3
 Stab: Sleeping          |     6 |     3 ||     9
  Eat: Chunk             |     4 |     4 ||     8
Armor: Skin              |    12 |     4 ||    16
Dodge: Dodged            |   101 |    66 ||   167
